 Dungeon Crawl Stone Soup version 0.21.0-3-g78d12a8 (webtiles) character file.

2262 MTVSty1e the Geomancer (level 9, 0/70 (71) HPs)
             Began as a Human Earth Elementalist on Jan 13, 2018.
             Was a Priest of Cheibriados.
             Slain by an orc warrior
             ... wielding a +0 mace
              (20 damage)
             ... on level 8 of the Dungeon.
             The game lasted 00:16:54 (9955 turns).

MTVSty1e the Geomancer (Human Earth Elementalist)   Turns: 9955, Time: 00:16:54

HP:   0/70 (71)     AC:  5    Str: 21    XL:     9   Next: 64%
MP:   0/12          EV: 13    Int: 24    God:    Cheibriados [***...]
Gold: 436           SH:  0    Dex: 19    Spells: 6/12 levels left

rFire    . . .     SeeInvis .   u - +6 trident of Lohoqi {pierce, *Corrode rElec Str+3}
rCold    + . .     Gourm    .   (no shield)
rNeg     . . .     Faith    .   c - +1 robe
rPois    .         Spirit   .   q - +0 helmet
rElec    +         Reflect  .   (no cloak)
rCorr    .         Harm     .   s - +0 pair of gloves
MR       .....                  (no boots)
Stlth    ++........             (no amulet)
HPRegen  0.21/turn              (no ring)
MPRegen  0.13/turn              (no ring)

@: very slow
A: hooves 1, cold resistance 1, screaming 1, strong 1, wild magic 1
a: Bend Time, Temporal Distortion, Renounce Religion


You were on level 8 of the Dungeon.
You worshipped Cheibriados.
Cheibriados was most pleased with you.
You were not hungry.

You visited 1 branch of the dungeon, and saw 8 of its levels.

You collected 436 gold pieces.

Inventory:

Hand Weapons
 g - a +1 spear of venom
 k - a +1 dagger of holy wrath
 u - the +6 trident of Lohoqi (weapon) {pierce, *Corrode rElec Str+3}
   (You found it on level 7 of the Dungeon)

   It inflicts extra damage upon your enemies.
   It affects your strength (+3).
   It insulates you from electricity.
   It may corrode you when you take damage.
Missiles
 b - 106 stones (quivered)
Armour
 c - a +1 robe (worn)
 f - a +0 shield
 m - a +0 leather armour
 q - a +0 helmet (worn)
 s - a +0 pair of gloves (worn)
Wands
 a - a wand of flame (35)
 p - a wand of digging (8)
 v - a wand of acid (4)
Scrolls
 h - a scroll of teleportation
 j - 3 scrolls of immolation
 l - 2 scrolls of fog
 o - 2 scrolls of identify
 w - a scroll of enchant armour
 x - a scroll of magic mapping
 y - a scroll of amnesia {unknown}
 A - 2 scrolls of remove curse
Potions
 i - a potion of mutation
 n - a potion of flight
 r - a potion of curing
 t - a potion of agility {unknown}
 z - a potion of lignification {unknown}
Books
 e - a book of Geomancy

   Spells                             Type                      Level
   a - Sandblast                      Earth                        1
   b - Passwall                       Transmutation/Earth          2
   c - Stone Arrow                    Conjuration/Earth            3
   d - Petrify                        Transmutation/Earth          4
   e - Lee's Rapid Deconstruction     Earth                        5
Comestibles
 d - 4 rations


   Skills:
 + Level 6.4 Fighting
 - Level 2.0 Dodging
 - Level 2.0 Stealth
 - Level 4.0 Unarmed Combat
 - Level 2.0 Spellcasting
   Level 1.0 Transmutations
 * Level 9.8 Earth Magic


You had 6 spell levels left.
You knew the following spells:

 Your Spells              Type           Power        Failure   Level  Hunger
a - Sandblast             Erth           ######       1%          1    #......
b - Lee's Rapid Deconstr  Erth           ######....   10%         5    ######.


Dungeon Overview and Level Annotations

Branches:
Dungeon (8/15)
 Temple: D:4-7         Lair: D:8-11

Altars:
Ashenzari
Cheibriados
Dithmenos
Elyvilon
Sif Muna
Wu Jian
The Shining One

Annotations:
D:8 Menkaure


Innate Abilities, Weirdness & Mutations

You have large cloven feet.
Your flesh is cold resistant. (rC+)
You occasionally shout uncontrollably at your foes.
Your muscles are strong. (Str +2)
Your spells are a little harder to cast, but a little more powerful.


Message History

Press: ? - help, Dir - move target cursor The wall shatters!
The blast of rock fragments hits the orc warrior.
The orc warrior is moderately wounded.
The blast of rock fragments hits the black bear.
You kill the black bear!
Cheibriados thoroughly appreciates the change of pace.
You hit the orc warrior.
The orc warrior is heavily wounded.
The orc warrior hits you with a mace.
The hippogriff screeches!
You hit the orc warrior.
The orc warrior is heavily wounded.
The orc warrior cheers loudly, in orcish tradition.
The orc warrior hits you with a mace! x2
* * * LOW HITPOINT WARNING * * *
Found a ration and a short sword.
Okay, then.
The orc warrior hits you with a mace!!
You die...

#.....†..#
##.#.###...#
...#......### .
............# ..
........##.O#####
..: #
...#.##.....H.O.#
.... #.
......#.#######H#
..... ####.
#......)#
#o##...... ....
#.......#
#.@....... ....
#.......#
#.##...%.. #
#.#...#)# #.#
..... # #.##.##.#
#.# .... #
#.##.##.#######.#
.)#
..##.##.........#
##
#.##.##.##.#.....
#.##.##.##.#.####
#.##)##.##.#.##


You could see a two-headed ogre, a hippogriff and an orc warrior.

Vanquished Creatures
  Eustachio (D:6)
  Duvessa (D:7)
  A black bear (D:8)
  An eye of draining (D:8)
  An orc warrior (D:8)
  A centaur (D:7)
  3 ogres
  2 gnoll sergeants
  2 bullfrogs (D:8)
  Dowan (D:7)
  3 scorpions
  4 howler monkeys
  A centaur zombie (D:6)
  3 crimson imps
  A hound (D:8)
  6 orc priests
  A jelly (D:6)
  2 orc wizards
  A centaur skeleton (D:7)
  2 worker ants
  A killer bee zombie (D:5)
  A hound skeleton (D:8)
  6 gnolls
  6 adders
  2 shadow imps (D:8)
  An ooze (D:3)
  3 worms
  A dart slug (D:2)
  5 leopard geckos
  31 orcs
  4 giant cockroaches
  6 goblins
  6 hobgoblins
  4 jackals (D:5)
  8 kobolds
  2 quokkas
  2 ball pythons (D:3)
  7 bats
  4 frilled lizards
  A jackal skeleton (D:4)
  2 leopard gecko skeletons (D:5)
  2 leopard gecko zombies
  7 rats
150 creatures vanquished.

Notes
Turn   | Place    | Note
-------+----------+-------------------------------------------
     0 | D:1      | MTVSty1e the Human Earth Elementalist began the quest for the Orb.
     0 | D:1      | Reached XP level 1. HP: 13/13 MP: 3/3
   227 | D:1      | Reached XP level 2. HP: 14/20 MP: 5/5
  1211 | D:2      | Reached skill level 1 in Fighting
  1211 | D:2      | Reached skill level 1 in Unarmed Combat
  1211 | D:2      | Reached XP level 3. HP: 24/26 MP: 6/6
  1360 | D:2      | Reached XP level 4. HP: 7/32 MP: 2/7
  1751 | D:2      | Reached skill level 4 in Earth Magic
  2625 | D:3      | Reached XP level 5. HP: 25/38 MP: 8/8
  2639 | D:3      | Learned a level 5 spell: Lee's Rapid Deconstruction
  4010 | D:3      | Found a glowing golden altar of the Shining One.
  4010 | D:3      | Found a deep blue altar of Sif Muna.
  4282 | D:4      | Found a snail-covered altar of Cheibriados.
  4363 | D:4      | Became a worshipper of Cheibriados the Contemplative
  4558 | D:4      | Found a shattered altar of Ashenzari.
  4851 | D:4      | Found a shadowy altar of Dithmenos.
  4899 | D:4      | Reached XP level 6. HP: 39/45 MP: 9/9
  5081 | D:4      | Reached skill level 5 in Earth Magic
  5659 | D:5      | Entered Level 5 of the Dungeon
  5677 | D:5      | Reached * piety under Cheibriados
  5781 | D:5      | Found a white marble altar of Elyvilon.
  6769 | D:6      | Reached XP level 7. HP: 29/52 MP: 0/10
  6778 | D:6      | Noticed Eustachio
  7271 | D:6      | Gained mutation: You expend magic power (3 MP) to strengthen your wands. [potion of mutation]
  7271 | D:6      | Gained mutation: Your muscles are strong. (Str +2) [potion of mutation]
  7272 | D:6      | Lost mutation: You expend magic power (3 MP) to strengthen your wands. [potion of mutation]
  7272 | D:6      | Gained mutation: Your flesh is cold resistant. (rC+) [potion of mutation]
  7272 | D:6      | Gained mutation: You occasionally shout uncontrollably at your foes. [potion of mutation]
  7272 | D:6      | Gained mutation: Your spells are a little harder to cast, but a little more powerful. [potion of mutation]
  7272 | D:6      | Gained mutation: You have large cloven feet. [potion of mutation]
  7296 | D:6      | Killed Eustachio
  7296 | D:6      | Reached skill level 6 in Earth Magic
  7633 | D:6      | Reached XP level 8. HP: 57/60 MP: 11/11
  7708 | D:6      | Reached ** piety under Cheibriados
  7871 | D:6      | Reached skill level 7 in Earth Magic
  7986 | D:6      | Found an ornate altar of the Wu Jian Council.
  8670 | D:7      | Found a shattered altar of Ashenzari.
  8699 | D:7      | Noticed Dowan
  8837 | D:7      | Noticed Duvessa
  8854 | D:7      | Killed Duvessa
  8884 | D:7      | Reached skill level 8 in Earth Magic
  8902 | D:7      | Got a crude trident
  8903 | D:7      | Identified the +6 trident of Lohoqi {pierce, *Corrode rElec Str+3} (You found it on level 7 of the Dungeon)
  9080 | D:7      | Killed Dowan
  9080 | D:7      | Reached skill level 5 in Fighting
  9120 | D:7      | Noticed Menkaure
  9151 | D:8      | Reached XP level 9. HP: 5/67 MP: 9/12
  9412 | D:8      | Reached skill level 9 in Earth Magic
  9657 | D:8      | Noticed a hippogriff
  9807 | D:8      | Reached *** piety under Cheibriados
  9946 | D:8      | Noticed a two-headed ogre
  9955 | D:8      | Slain by an orc warrior

Skill      XL: |  1  2  3  4  5  6  7  8  9 |
---------------+----------------------------+-----
Fighting       | 1 2 3 5 6 |  6.4
Unarmed Combat | 1 2 3 4 |  4.0
Earth Magic    | 4 5 6 8 9 |  9.8
Dodging        | |  2.0
Stealth        | |  2.0
Spellcasting   | |  2.0
Transmutations | |  1.0

Action                   |  1- 3 |  4- 6 |  7- 9 || total
-------------------------+-------+-------+-------++-------
Melee: Dagger            |    42 |       |       ||    42
       Spear             |    31 |   209 |    81 ||   321
       Kick              |       |       |    30 ||    30
       Punch             |       |       |     1 ||     1
       Trident           |       |       |    34 ||    34
 Cast: Sandblast         |    14 |    14 |    53 ||    81
       Lee's Rapid Decon |       |     1 |     8 ||     9
Invok: Bend Time         |       |       |     1 ||     1
  Use: Scroll            |     4 |     2 |    10 ||    16
       Potion            |       |       |     3 ||     3
 Stab: Sleeping          |     3 |     6 |       ||     9
  Eat: Chunk             |     2 |     2 |       ||     4
       Ration            |       |     4 |     3 ||     7
Armor: Robe              |    11 |    28 |    27 ||    66
       Leather armour    |       |    15 |       ||    15
Dodge: Dodged            |    39 |   122 |   119 ||   280
